 Dungeon Crawl Stone Soup version 0.31.0-11-ge490571c62 (webtiles) character file.

Game seed: 7071491832938485913

11349 Ashen the Covert (level 11, -5/83 HPs)
             Began as a Gnoll Enchanter on Feb 5, 2024.
             Was a Follower of Uskayaw.
             Slain by an elephant (16 damage)
             ... on level 1 of the Lair of Beasts.
             The game lasted 00:41:42 (12067 turns).

Ashen the Covert (Gnoll Enchanter)                 Turns: 12067, Time: 00:41:42

Health: -5/83      AC:  5    Str:  8    XL:     11   Next: 76%
Magic:  31/41      EV: 21    Int: 15    God:    Uskayaw [*.....]
Gold:   699        SH:  0    Dex: 16    Spells: 9/27 levels left

rFire   . . .        b - +1 dagger (venom)
rCold   + . .        (no shield)
rNeg    . . .        v - +0 robe of Gravitas {+Inv rC+ MP+9}
rPois   .            F - +2 hat
rElec   .            (no cloak)
rCorr   .            J - +0 pair of gloves
SInv    .            (no boots)
Will    .....        j - amulet of magic regeneration
Stlth   ++++         p - +5 ring of evasion
HPRegen 0.33/turn    w - ring of magical power
MPRegen 0.67/turn

%: no passive effects
@: no status effects
A: fangs 1, strong nose, distributed training
a: Renounce Religion, Evoke Invisibility, Stomp


You were on level 1 of the Lair of Beasts.
You worshipped Uskayaw.
Uskayaw was noncommittal.
You visited 2 branches of the dungeon, and saw 13 of its levels.
You also visited: Sewer.

You collected 699 gold pieces.

Inventory:

Hand Weapons
 b - a +1 dagger of venom (weapon)
 s - a +2 dagger of protection
Missiles
 N - 2 throwing nets (quivered)
Armour
 v - the +0 robe of Gravitas (worn) {+Inv rC+ MP+9}
   (You found it in a sewer)

   rC+:       It protects you from cold.
   MP+9:      It affects your magic capacity (+9).
   +Inv:      It lets you turn invisible.
 y - a +1 robe of resistance
 F - a +2 hat (worn)
 J - a +0 pair of gloves (worn)
Jewellery
 j - an amulet of magic regeneration (around neck)
 l - a ring of positive energy
 o - an amulet of regeneration
 p - a +5 ring of evasion (left hand)
 w - a ring of magical power (right hand)
 L - an amulet of the acrobat
Talismans
 I - a maw talisman
Wands
 x - a wand of mindburst (13)
 B - a wand of charming (14)
 E - a wand of polymorph (4)
 H - a wand of roots (4)
Scrolls
 g - a scroll of poison {unknown}
 i - 6 scrolls of identify {unknown}
 k - 3 scrolls of amnesia {unknown}
 m - a scroll of enchant armour {unknown}
 n - 2 scrolls of noise {unknown}
 q - 5 scrolls of teleportation {unknown}
 r - 5 scrolls of vulnerability {unknown}
 A - 3 scrolls of torment {unknown}
 K - a scroll of revelation {unknown}
 M - a scroll of fear {unknown}
Potions
 a - 2 potions of cancellation {unknown}
 d - 5 potions of curing
 e - 3 potions of might {unknown}
 f - a potion of haste {unknown}
 h - a potion of attraction {unknown}
 t - 3 potions of mutation {unknown}
 u - 4 potions of brilliance {unknown}
 z - 2 potions of degeneration {unknown}
 C - 4 potions of heal wounds {unknown}
 D - a potion of lignification {unknown}
 G - 2 potions of enlightenment {unknown}


   Skills:
 + Level 6.8 Fighting
 + Level 7.4 Short Blades
 + Level 6.8 Long Blades
 + Level 6.8 Axes
 + Level 6.8 Maces & Flails
 + Level 6.8 Polearms
 + Level 6.8 Staves
 + Level 6.8 Ranged Weapons
 + Level 6.8 Throwing
 + Level 6.8 Armour
 + Level 8.3 Dodging
 + Level 9.2 Stealth
 + Level 6.8 Shields
 + Level 6.8 Unarmed Combat
 + Level 8.6 Spellcasting
 + Level 5.6 Conjurations
 + Level 8.0 Hexes
 + Level 5.6 Summonings
 + Level 5.6 Necromancy
 + Level 5.6 Translocations
 + Level 5.6 Fire Magic
 + Level 5.6 Ice Magic
 + Level 5.6 Air Magic
 + Level 5.6 Earth Magic
 + Level 5.6 Alchemy
 + Level 7.5 Invocations
 + Level 6.8 Evocations
 + Level 6.2 Shapeshifting


You had 9 spell levels left.
You knew the following spells:

 Your Spells              Type           Power      Damage    Failure   Level
a - Ensorcelled Hibernat  Hex/Ice        54%        N/A       1%          2
b - Confusing Touch       Hex            30%        N/A       1%          3
c - Tukima's Dance        Hex            30%        N/A       1%          3
d - Dazzling Flash        Conj/Hex       54%        N/A       1%          3
e - Enfeeble              Hex            15%        N/A       98%         7

Your spell library contained the following spells:

 Spells                   Type           Power      Damage    Failure   Level
 Magic Dart               Conj           92%        1d7       1%          1
 Sandblast                Erth           46%        2d11      1%          1
 Jinxbite                 Hex            60%        N/A       1%          2
 Mercury Vapours          Alch/Air       46%        N/A       1%          2
 Searing Ray              Conj           46%        2d6       1%          2
 Gell's Gravitas          Tloc           23%        N/A       3%          3
 Mephitic Cloud           Conj/Alch/Air  23%        N/A       3%          3
 Passwall                 Erth           23%        N/A       3%          3
 Stone Arrow              Conj/Erth      46%        3d9       3%          3
 Teleport Other           Tloc           23%        N/A       3%          3
 Animate Armour           Summ/Erth      46%        N/A       11%         4
 Brom's Barrelling Bould  Conj/Erth      23%        2d4       11%         4
 Fulminant Prism          Conj/Alch      11%        3d9       11%         4
 Olgreb's Toxic Radiance  Alch           23%        N/A       11%         4
 Passage of Golubria      Tloc           23%        N/A       11%         4
 Summon Lightning Spire   Summ/Air       23%        N/A       11%         4
 Yara's Violent Unravell  Hex/Alch       13%        3d7       19%         5
 Fireball                 Conj/Fire      11%        3d7       30%         5
 Freezing Cloud           Conj/Ice/Air   11%        6-21      30%         5
 Iskenderun's Battlesphe  Conj           23%        2d8       30%         5
 Lee's Rapid Deconstruct  Erth           11%        3d8*      30%         5
 Conjure Ball Lightning   Conj/Air       11%        3x3d6     86%         6
 Dispersal                Tloc           11%        N/A       86%         6
 Orb of Destruction       Conj           11%        9d6       100%        7
 Ozocubu's Refrigeration  Ice            11%        4d10      100%        7
 Discord                  Hex            15%        N/A       100%        8
 Lehudib's Crystal Spear  Conj/Erth      11%        10d4      100%        8


Dungeon Overview and Level Annotations

Branches:
Dungeon (12/15)            Temple (0/1) D:7            Lair (1/5) D:8
    Orc (0/2) D:11          Sewer (visited)

Altars:
Ashenzari
Gozag
Hepliaklqana
Sif Muna
Uskayaw
Wu Jian

Annotations:
D:3 Grinder
D:6 3 runed translucent doors, HaleSumoOx's ghost, novice DEFE; bl3nd3r's ghost, novice GnRe; melvinkitnick's ghost, novice FoHu
D:7 2 transporters
D:11 3 runed translucent doors, nms23's ghost, journeyman DsCj


Innate Abilities, Weirdness & Mutations

You have very sharp teeth.
Your uncanny sense of smell can sniff out nearby items.
Your experience applies equally to all skills.


Message History

* * * LOW HITPOINT WARNING * * *
You stumble backwards!
Casting: Ensorcelled Hibernation (safe; 1% risk of failure)
Confirm with . or Enter, or press ? or * to list all spells.
Aiming: Ensorcelled Hibernation (safe; 1% risk of failure)
Press: ? - help, Shift-Dir - straight line, f/p - elephant
Aim: an elephant (chance to affect: 24%)
The elephant looks drowsy...
You are too injured to fight recklessly!
The helpless elephant fails to defend itself.
You perforate the elephant like a sieve!!!
The elephant looks as sick as possible!
You bite the elephant, but do no damage.
The elephant is severely wounded.
You barely miss the elephant.
The elephant is severely wounded.
The elephant misses you. The elephant closely misses you.
You hit the elephant but do no damage.
The elephant looks as sick as possible!
You bite the elephant, but do no damage.
The elephant is almost dead.
The elephant closely misses you.
The elephant trunk-slaps you but does no damage.
You hit the elephant but do no damage.
The elephant looks as sick as possible!
The elephant is almost dead.
You hit the elephant but do no damage.
The elephant looks as sick as possible!
The elephant is almost dead.
The elephant closely misses you. The elephant misses you.
You hit the elephant.
The elephant looks as sick as possible!
The elephant is almost dead.
The elephant tramples you!
* * * LOW HITPOINT WARNING * * *
You stumble backwards!
You hit the elephant but do no damage.
You punch the elephant, but do no damage.
You bite the elephant, but do no damage.
The elephant is almost dead.
You hit the elephant but do no damage.
The elephant looks as sick as possible!
The elephant is almost dead.
The elephant tramples you!
You die...

### ##.## ###..@###
#....Y..###
#.........## ##
#..........# #.
#..........##########.
##...<................
#.......#########.#..
##......# ###..
#....P## ##.


You could see an elephant (extremely poisoned).

Vanquished Creatures
  Harold (D:11)
  Josephine (D:10)
  3 elephants (Lair:1)
  Maggie (D:7)
  A kobold demonologist (D:11)
  2 trolls
  2 hornets
  Prince Ribbit (D:7)
  A slime creature (D:12)
  2 shadows
  3 wyverns
  3 wraiths
  10 yaks
  2 vampire mosquitoes (D:10)
  3 water moccasins
  3 orc warriors (D:11)
  2 ice beasts
  A sky beast (D:8)
  An ogre (D:4)
  6 centaurs
  A phantom (D:4)
  4 kobold brigands
  3 bullfrogs
  6 gnoll sergeants
  A scorpion (D:7)
  3 wights (D:5)
  3 killer bees (D:7)
  4 howler monkeys (D:11)
  A bombardier beetle (D:5)
  A jelly (D:7)
  5 orc priests
  3 hounds
  Jessica (D:3)
  2 iguanas
  10 orc wizards
  11 gnolls
  8 adders
  3 shadow imps
  4 white imps
  6 ufetubi
  4 ribbon worms
  4 dart slugs
  23 orcs
  7 ball pythons
  5 endoplasms
  5 giant cockroaches
  5 goblins
  13 hobgoblins
  3 jackals
  6 quokkas
  4 bats
  5 frilled lizards
  21 kobolds
  8 rats
242 creatures vanquished.

Vanquished Creatures (collateral kills)
  A two-headed ogre (D:10)
1 creature vanquished.

Vanquished Creatures (others)
  A dancing weapon (D:5)
  An orc wizard (D:10)
2 creatures vanquished.

Grand Total: 245 creatures vanquished

Notes
Turn   | Place    | Note
-------+----------+-------------------------------------------
     0 | D:1      | Ashen the Gnoll Enchanter began the quest for the Orb.
     0 | D:1      | Reached XP level 1. HP: 13/13 MP: 6/6
   182 | D:1      | Reached XP level 2. HP: 20/20 MP: 7/7
   185 | D:1      | Learned a level 2 spell: Ensorcelled Hibernation
   517 | D:1      | Found a faded altar of an unknown god.
   602 | D:1      | Reached skill level 5 in Spellcasting
   602 | D:1      | Reached XP level 3. HP: 25/25 MP: 7/9
  1002 | D:2      | Reached skill level 6 in Stealth
  1049 | D:2      | Reached skill level 1 in Invocations
  1226 | D:2      | Reached skill level 1 in Fighting
  1226 | D:2      | Reached skill level 1 in Long Blades
  1226 | D:2      | Reached skill level 1 in Axes
  1226 | D:2      | Reached skill level 1 in Maces & Flails
  1226 | D:2      | Reached skill level 1 in Polearms
  1226 | D:2      | Reached skill level 1 in Staves
  1226 | D:2      | Reached skill level 1 in Ranged Weapons
  1226 | D:2      | Reached skill level 1 in Throwing
  1226 | D:2      | Reached skill level 1 in Armour
  1226 | D:2      | Reached skill level 1 in Shields
  1226 | D:2      | Reached skill level 1 in Unarmed Combat
  1226 | D:2      | Reached skill level 1 in Evocations
  1309 | D:2      | Reached skill level 1 in Shapeshifting
  1309 | D:2      | Reached XP level 4. HP: 3/32 MP: 9/11
  1901 | D:3      | Reached skill level 1 in Conjurations
  1901 | D:3      | Reached skill level 1 in Summonings
  1901 | D:3      | Reached skill level 1 in Necromancy
  1901 | D:3      | Reached skill level 1 in Translocations
  1901 | D:3      | Reached skill level 1 in Fire Magic
  1901 | D:3      | Reached skill level 1 in Ice Magic
  1901 | D:3      | Reached skill level 1 in Air Magic
  1901 | D:3      | Reached skill level 1 in Earth Magic
  1901 | D:3      | Reached skill level 1 in Alchemy
  2047 | D:3      | Noticed Grinder
  2048 | D:3      | Paralysed by Grinder for 3 turns
  2157 | D:3      | Noticed Jessica
  2161 | D:3      | Killed Jessica
  2162 | D:3      | Reached XP level 5. HP: 37/37 MP: 9/12
  2354 | D:2      | Learned a level 3 spell: Confusing Touch
  2358 | D:2      | Learned a level 3 spell: Tukima's Dance
  2362 | D:2      | Learned a level 3 spell: Dazzling Flash
  2369 | D:3      | Paralysed by Grinder for 5 turns
  2998 | D:4      | Noticed a phantom
  3007 | D:4      | Killed a phantom
  3008 | D:4      | Reached XP level 6. HP: 44/44 MP: 13/13
  3201 | D:4      | Found a glowing drain.
  3236 | Sewer    | Entered a sewer
  3262 | Sewer    | Reached skill level 5 in Dodging
  3544 | Sewer    | Identified the +0 robe of Gravitas {+Inv rC+ MP+9}
  3798 | D:4      | Reached XP level 7. HP: 50/50 MP: 15/15
  4018 | D:4      | Found a hide-covered altar of Uskayaw.
  4029 | D:4      | Became a worshipper of Uskayaw the Reveller
  4094 | D:4      | Reached * piety under Uskayaw
  4191 | D:5      | Entered Level 5 of the Dungeon
  4294 | D:5      | Reached ** piety under Uskayaw
  4833 | D:5      | Reached *** piety under Uskayaw
  4834 | D:5      | Reached XP level 8. HP: 56/58 MP: 16/16
  5500 | D:6      | Found a broken altar of Ashenzari.
  5503 | D:6      | Found a runed translucent gate.
  5503 | D:6      | Found a runed translucent gate.
  5503 | D:6      | Found a runed translucent gate.
  5504 | D:6      | Noticed HaleSumoOx's ghost (novice DEFE)
  5504 | D:6      | Noticed melvinkitnick's ghost (novice FoHu)
  5505 | D:6      | Noticed bl3nd3r's ghost (novice GnRe)
  5517 | D:6      | Reached skill level 7 in Stealth
  5868 | D:7      | Learned a level 7 spell: Enfeeble
  5876 | D:7      | Found a staircase to the Ecumenical Temple.
  5932 | D:7      | Found a transporter.
  5932 | D:7      | Noticed a kobold demonologist
  5938 | D:7      | Noticed a kobold demonologist
  5954 | D:7      | You fall into a shaft and drop 2 floors!
  6000 | D:9      | Reached **** piety under Uskayaw
  6268 | D:8      | Reached XP level 9. HP: 50/65 MP: 18/18
  6720 | D:7      | Reached skill level 5 in Short Blades
  6872 | D:7      | Noticed Prince Ribbit
  6879 | D:7      | Killed Prince Ribbit
  6909 | D:7      | Found a transporter.
  7260 | D:7      | Noticed Maggie
  7269 | D:7      | Killed Maggie
  7270 | D:7      | Reached skill level 5 in Invocations
  7347 | D:8      | Found a staircase to the Lair.
  7416 | D:8      | Noticed a hornet
  7423 | D:8      | Killed a hornet
  7568 | D:8      | Reached skill level 5 in Fighting
  7568 | D:8      | Reached skill level 5 in Long Blades
  7568 | D:8      | Reached skill level 5 in Axes
  7568 | D:8      | Reached skill level 5 in Maces & Flails
  7568 | D:8      | Reached skill level 5 in Polearms
  7568 | D:8      | Reached skill level 5 in Staves
  7568 | D:8      | Reached skill level 5 in Ranged Weapons
  7568 | D:8      | Reached skill level 5 in Throwing
  7568 | D:8      | Reached skill level 5 in Armour
  7568 | D:8      | Reached skill level 5 in Shields
  7568 | D:8      | Reached skill level 5 in Unarmed Combat
  7568 | D:8      | Reached skill level 5 in Evocations
  7568 | D:8      | Reached XP level 10. HP: 74/74 MP: 20/20
  7570 | D:8      | Reached skill level 8 in Stealth
  8405 | D:9      | Reached skill level 5 in Shapeshifting
  8495 | D:10     | Entered Level 10 of the Dungeon
  8625 | D:10     | Found a hazy altar of Hepliaklqana.
  8767 | D:10     | Found an ornate altar of the Wu Jian Council.
  8825 | D:10     | Found a shimmering blue altar of Sif Muna.
  9068 | D:10     | Identified the +1 sling of Makhleb {elec, +Blink rC- Int+4
                  | Dex+9}
  9391 | D:10     | Found a shimmering blue altar of Sif Muna.
  9712 | D:11     | Found a runed translucent gate.
  9712 | D:11     | Found a runed translucent gate.
  9712 | D:11     | Found a runed translucent gate.
  9712 | D:11     | Found an opulent altar of Gozag.
  9814 | D:11     | Noticed a two-headed ogre
  9814 | D:11     | Noticed nms23's ghost (journeyman DsCj)
  9877 | D:11     | Found a staircase to the Orcish Mines.
 10222 | D:11     | Reached skill level 5 in Conjurations
 10222 | D:11     | Reached skill level 5 in Summonings
 10222 | D:11     | Reached skill level 5 in Necromancy
 10222 | D:11     | Reached skill level 5 in Translocations
 10222 | D:11     | Reached skill level 5 in Fire Magic
 10222 | D:11     | Reached skill level 5 in Ice Magic
 10222 | D:11     | Reached skill level 5 in Air Magic
 10222 | D:11     | Reached skill level 5 in Earth Magic
 10222 | D:11     | Reached skill level 5 in Alchemy
 10227 | D:11     | Reached XP level 11. HP: 66/81 MP: 22/22
 10416 | D:11     | Noticed Josephine
 10453 | D:11     | Noticed Harold
 10469 | D:11     | Killed Harold
 10486 | D:10     | Killed Josephine
 10508 | D:10     | Noticed a two-headed ogre
 10515 | D:10     | Killed a two-headed ogre
 10858 | D:11     | Reached skill level 9 in Stealth
 11312 | D:11     | Noticed a centaur warrior
 11842 | Lair:1   | Entered Level 1 of the Lair of Beasts
 12067 | Lair:1   | Slain by an elephant

Illustrated notes

Levels and vault maps discovered:
D:1:      lightli_iron_boxes, layout_loops_ring,
          chequers_ecumenical_altar_lobes, hangedman_decor_points
D:2:      layout_rooms, serial_aquarium, aquarium_bridge_long_joined
          [aquarium_subvault_bridge, aquarium_subvault_balcony,
          aquarium_subvault_window, aquarium_subvault_window,
          aquarium_subvault_balcony, aquarium_subvault_window],
          aquarium_bridge_square [aquarium_subvault_balcony,
          aquarium_subvault_bridge, aquarium_subvault_bridge,
          aquarium_subvault_bridge], aquarium_window_corner,
          aquarium_window_corner, aquarium_window_corner, aquarium_view_2b,
          minmay_pentomino_r4
D:3:      layout_basic, minmay_fountain_box, uniq_grinder, uniq_jessica
D:4:      layout_cave_pools, lemuel_coloured_pillars_altar,
          mainiacjoe_sewer_entry_somewhere_in_here_1, serial_library,
          serial_library_regret_index_branch_corner,
          serial_library_hellmonk_reading_circle,
          serial_library_hellmonk_long_bookcase,
          serial_library_hellmonk_semicircle, serial_library_hellmonk_room_c,
          serial_library_hellmonk_octagon, serial_library_hellmonk_hallway_b
D:5:      minmay_angry_zag, layout_gridville
D:6:      layout_cave_pools, ashenzari_altar_1, gammafunk_ghost_cemetery
D:7:      gammafunk_wand_slinger, layout_loops_corners,
          minmay_temple_entry_glass, hex_medium, uniq_maggie,
          uniq_prince_ribbit1
D:8:      wander_river, layout_cave_pools, lair_entry_dummy,
          mrwooster_statue_mirror
D:9:      layout_long_grid, nicolae_fountain_basement
D:10:     layout_long_grid, nzn_wu_jian_contemplation, led_sif_book,
          mainiacjoe_overflow_brackets, serial_library,
          serial_library_hellmonk_room_b, serial_library_hellmonk_statue_hall,
          serial_library_hellmonk_filled_rooms, serial_library_hellmonk_h_bend,
          serial_library_hellmonk_h_bend, serial_library_hellmonk_layered_room,
          serial_library_hellmonk_open_cross,
          serial_library_regret_index_split_case,
          serial_library_hellmonk_semicircle
D:11:     layout_loops_ring, kennysheep_orc_monster_closet_entryway,
          ebering_ghost_gozag, serial_rivers, chequers_serial_rivers_large_a,
          chequers_serial_rivers_micro_c, chequers_serial_rivers_micro_c,
          chequers_serial_rivers_small_a, uniq_josephine, uniq_harold
D:12:     layout_loops_ring
Lair:1:   layout_cave_pods

Skill      XL: |  1  2  3  4  5  6  7  8  9 10 11 |
---------------+----------------------------------+-----
Spellcasting   | 5 6 7 8 |  8.6
Stealth        | 6 7 8 9 |  9.2
Invocations    | 1 2 3 4 5 6 7 |  7.5
Fighting       | 1 2 3 5 6 |  6.8
Long Blades    | 1 2 3 5 6 |  6.8
Axes           | 1 2 3 5 6 |  6.8
Maces & Flails | 1 2 3 5 6 |  6.8
Polearms       | 1 2 3 5 6 |  6.8
Staves         | 1 2 3 5 6 |  6.8
Ranged Weapons | 1 2 3 5 6 |  6.8
Throwing       | 1 2 3 5 6 |  6.8
Armour         | 1 2 3 5 6 |  6.8
Shields        | 1 2 3 5 6 |  6.8
Unarmed Combat | 1 2 3 5 6 |  6.8
Evocations     | 1 2 3 5 6 |  6.8
Shapeshifting  | 1 2 3 4 5 6 |  6.2
Conjurations   | 1 2 3 4 5 |  5.6
Summonings     | 1 2 3 4 5 |  5.6
Necromancy     | 1 2 3 4 5 |  5.6
Translocations | 1 2 3 4 5 |  5.6
Fire Magic     | 1 2 3 4 5 |  5.6
Ice Magic      | 1 2 3 4 5 |  5.6
Air Magic      | 1 2 3 4 5 |  5.6
Earth Magic    | 1 2 3 4 5 |  5.6
Alchemy        | 1 2 3 4 5 |  5.6
Short Blades   | 3 4 5 6 7 |  7.4
Dodging        | 5 6 7 8 |  8.3
Hexes          | 6 7 8 |  8.0

Action                     |  1- 3 |  4- 6 |  7- 9 | 10-12 || total
---------------------------+-------+-------+-------+-------++-------
  Melee: Dagger            |   112 |   148 |   269 |   201 ||   730
         Bite              |     9 |     4 |    38 |    27 ||    78
         Punch             |       |     1 |    11 |    11 ||    23
   Cast: Ensorcelled Hiber |    12 |    45 |    46 |    63 ||   166
         Confusing Touch   |       |     2 |    19 |    14 ||    35
         Dazzling Flash    |       |     3 |     8 |     9 ||    20
         Tukima's Dance    |       |       |     4 |     5 ||     9
  Evoke: Wand              |       |       |       |     3 ||     3
    Use: Potion            |       |       |       |     3 ||     3
   Stab: Sleeping          |    20 |    38 |    43 |    45 ||   146
         Invisible         |       |     4 |     8 |     3 ||    15
         Confused          |       |     1 |    13 |    12 ||    26
         Paralysed         |       |       |     2 |     7 ||     9
         Distracted        |       |       |     2 |       ||     2
 Armour: Robe              |    43 |    56 |    97 |   115 ||   311
  Dodge: Dodged            |    53 |   167 |   283 |   174 ||   677
